 Dungeon Crawl Stone Soup version 0.31-a0-1059-g83d41fd8b6 (webtiles) character file.

Game seed: 16750210712666151689

70 senseless the Shield-Bearer (level 3, -12/30 (31) HPs)
             Began as a Demigod Fighter on Nov 21, 2023.
             Mangled by an ogre
             ... wielding a +0 giant club
              (20 damage)
             ... on level 3 of the Dungeon.
             The game lasted 00:02:29 (1569 turns).

senseless the Shield-Bearer (Demigod Fighter)       Turns: 1569, Time: 00:02:30

HP:   -12/30 (31)   AC:  9    Str: 21    XL:     3   Next: 77%
MP:   5/5           EV:  9    Int: 10    God:
Gold: 123           SH:  4    Dex: 13    Spells: 2/2 levels left

rFire   . . .        a - +0 war axe
rCold   . . .        c - +0 buckler
rNeg    . . .        b - +0 scale mail
rPois   .            (no helmet)
rElec   .            d - +0 cloak
rCorr   .            (no gloves)
SInv    +            k - +0 pair of boots
Will    .....        (no amulet) Stlth
                     o - ring of see invisible
HPRegen 0.25/turn    s - ring of flight
MPRegen 0.09/turn

%: no passive effects
@: flying, lightly drained
A: high MP 1, forlorn, divine attributes
a: no special abilities


You were on level 3 of the Dungeon.
You visited 1 branch of the dungeon, and saw 3 of its levels.

You collected 123 gold pieces.

Inventory:

Hand Weapons
 a - a +0 war axe (weapon)
 r - a +2 quarterstaff of chaos
Armour
 b - a +0 scale mail (worn)
 c - a +0 buckler (worn)
 d - a +0 cloak (worn)
 k - a +0 pair of boots (worn)
Jewellery
 o - a ring of see invisible (left hand)
 s - a ring of flight (right hand)
Scrolls
 h - a scroll of immolation {unknown}
 i - a scroll of summoning {unknown}
 m - a scroll of fear {unknown}
 n - a scroll of blinking {unknown}
 p - a scroll of identify {unknown}
 q - a scroll of fog {unknown}
Potions
 e - 2 potions of mutation {unknown}
 f - a potion of lignification {unknown}
 g - 2 potions of brilliance {unknown}
 j - a potion of heal wounds {unknown}
 l - a potion of invisibility {unknown}


   Skills:
 + Level 3.2 Fighting
 + Level 2.4 Axes
 + Level 3.2 Armour
 + Level 3.2 Shields


You had 2 spell levels left.
You didn't know any spells.
Your spell library contained the following spells:

 Spells                   Type           Power      Damage    Failure   Level
 Cigotuvi's Dreadful Rot  Necr/Pois/Air  0%         N/A       88%         2
 Ozocubu's Armour         Ice            0%         N/A       98%         3
 Dispel Undead            Necr           0%         3d6       100%        4
 Metabolic Englaciation   Hex/Ice        0%         N/A       100%        5
 Death Channel            Necr           0%         N/A       100%        6
 Simulacrum               Ice/Necr       0%         N/A       100%        6


Dungeon Overview and Level Annotations

Branches:
Dungeon (3/15)

Shops:
D:2 *


Innate Abilities, Weirdness & Mutations

You have an increased reservoir of magic. (+10% MP)
You shall have no god before yourself.
Your divine heritage dramatically boosts your attributes as you level up.


Message History

No target in view!
No target in view!
You see here a +0 dagger of draining.
s - a ring of flight Shopping list: removing a ring of flight on D:2 You fly up into the air.
s - a ring of flight (right hand)
An ogre comes into view. It is wielding a +0 giant club.
The ogre shouts!
The ogre hits you with a +0 giant club!!
Ouch! That really hurt!
* * * LOW HITPOINT WARNING * * *
You are too injured to fight recklessly!
You are too injured to fight recklessly!
You are too injured to fight recklessly!
You are too injured to fight recklessly!
You are too injured to fight recklessly!
You are too injured to fight recklessly!
You are too injured to fight recklessly!
You are too injured to fight recklessly!
You are too injured to fight recklessly!
You are too injured to fight recklessly!
You are too injured to fight recklessly!
You are too injured to fight recklessly!
You are too injured to fight recklessly!
You are too injured to fight recklessly!
You are too injured to fight recklessly!
You are too injured to fight recklessly!
You are too injured to fight recklessly!
You are too injured to fight recklessly!
You are too injured to fight recklessly!
You are too injured to fight recklessly!
You barely miss the ogre. You barely miss the ogre. The ogre barely misses you.
You hit the ogre but do no damage. The ogre closely misses you.
You hit the ogre.
The ogre is lightly wounded.
The ogre hits you with a +0 giant club!!
Ouch! That really hurt!
You die...

###...).†...(.#
..............##
...........##.##
.#####^.....#..#
#.......# ##
#####.#.#..? #
#.........
....#####.........
......O@..........
....#####.........
. #######... ...
##


You could see an ogre.

Vanquished Creatures
  Crazy Yiuf (D:2)
  An adder (D:2)
  A dart slug (D:1)
  2 ball pythons
  A bat (D:1)
  An endoplasm (D:1)
  2 giant cockroaches
  5 goblins
  3 hobgoblins
  3 quokkas (D:1)
  2 frilled lizards (D:1)
  4 kobolds
  5 rats
31 creatures vanquished.

Notes
Turn   | Place    | Note
-------+----------+-------------------------------------------
     0 | D:1      | senseless the Demigod Fighter began the quest for the Orb.
     0 | D:1      | Reached XP level 1. HP: 18/18 MP: 3/3
   328 | D:1      | Reached XP level 2. HP: 25/25 MP: 4/4
   852 | D:2      | Found Omuwkasu's Assorted Antiques.
  1202 | D:2      | Reached XP level 3. HP: 15/31 MP: 5/5
  1435 | D:2      | Found a runed translucent door.
  1436 | D:2      | Noticed Crazy Yiuf
  1442 | D:2      | Killed Crazy Yiuf
  1563 | D:3      | Noticed an ogre
  1569 | D:3      | Mangled by an ogre

Illustrated notes

Levels and vault maps discovered:
D:1:      elethiomel_arrival_infinity_welcomes_careful_drivers,
          layout_loops_ring
D:2:      layout_rooms, serial_shops, shop, basic_altar, grunt_ministairs_5,
          minmay_misc_feat_encased, uniq_crazy_yiuf_cottage
D:3:      layout_rooms, grunt_decor_junction, uniq_grinder

Skill      XL: |  1  2 |
---------------+-------+-----
Axes           | 2 |  2.4
Fighting       | 3 |  3.2
Shields        | 3 |  3.2
Armour         | 3 |  3.2

Action                     || total
---------------------------++-------
  Melee: War axe           ||    94
    Use: Potion            ||     1
 Armour: Scale mail        ||    71
  Dodge: Dodged            ||    38
  Block: Buckler           ||    23

Table legend: (Time is in decaauts)
 A = Elapsed time spent in this place.
 B = Non-inter-level travel time spent in this place.
 C = Inter-level travel time spent in this place.
 D = Time resting spent in this place.
 E = Time spent auto-exploring this place.
 F = Levels seen in this place.
 G = Mean time per level.
                   A        B        C        D        E       F      G
               +--------+--------+--------+--------+--------+-----+--------+
         Total |   1607 |   1550 |     57 |      0 |   1293 |   3 |  535.7 |
       Dungeon |   1607 |   1550 |     57 |      0 |   1293 |   3 |  535.7 |
               +--------+--------+--------+--------+--------+-----+--------+

Top non-repeatable levels by time:
     D:1: 877 daAuts
     D:2: 699 daAuts
     D:3: 31 daAuts
